Map: Blackpink LE

Players

AiLillekanin (Lillekanin)

  • Race: Terran Terran
  • League: Master
  • Spawn Location: 1:00

Rail - Winner!

  • Race: Protoss Protoss
  • Spawn Location: 7:00

Event: WESG Barcelona European Finals 2017

VOD

Have the link to the VOD?

Description

Time

  • Played on: Nov. 23, 2017, 1:38 p.m.
  • Length: 16:29

All games in this series

Show
View Real Time Build Order
Export as new Build Order

AiLillekanin Terran 

Build Orders: Mech 

Get SALT Encoding   

  12  0:01  SCV  
  13  0:13  SCV  
  14  0:18  Supply Depot  
  14  0:25  SCV  
  15  0:29  Refinery  
  15  0:40  SCV  
  16  0:45  Barracks  
  16  0:52  SCV  
  17  1:04  SCV  
  18  1:16  SCV  
  21  1:33  Orbital Command  
  21  1:34  Marine  
  20  1:46  Command Center  
  20  1:59  Factory  
  20  2:01  SCV  
  21  2:05  Barracks Reactor  
  21  2:13  SCV  
  22  2:15  Supply Depot  
  22  2:22  Refinery  
  22  2:25  SCV  
  23  2:37  SCV  
  24  2:45  Starport  
  24  2:49  Hellion x2  
  24  2:51  SCV  
  29  2:58  Orbital Command  
  29  3:03  SCV  
  30  3:11  Widow Mine x2  
  34  3:16  SCV  
  35  3:23  Medivac  
  35  3:25  Marine  
  38  3:28  SCV  
  38  3:29  SCV  
  40  3:40  SCV  
  40  3:41  SCV  
  40  3:45  Barracks Tech Lab  
  39  3:53  SCV x2  
  41  4:00  Starport Tech Lab  
  39  4:05  SCV x2  
  41  4:12  Bunker  
  41  4:15  Supply Depot  
  42  4:17  SCV x2  
  42  4:20  Siege Tank  
  46  4:26  Supply Depot  
  46  4:29  Raven, Marine x2  
  46  4:30  SCV x2  
  52  4:37  Supply Depot  
  52  4:42  SCV x2  
  54  4:47  Marine  
  54  4:49  Marine  
  52  4:54  SCV, Factory, Refinery  
  52  4:55  Refinery  
  52  4:56  Supply Depot  
  52  4:59  Siege Tank  
  54  5:03  SCV  
  54  5:06  SCV  
  56  5:07  Marine  
  56  5:11  Supply Depot  
  57  5:15  SCV  
  57  5:17  Banshee  
  57  5:20  SCV  
  62  5:27  Cloaking Field  
  62  5:30  SCV  
  63  5:40  Command Center  
  65  5:45  Siege Tank  
  65  5:46  SCV  
  69  5:54  SCV, Supply Depot  
  67  5:57  Hellion  
  67  5:58  Hellion  
  67  5:59  SCV  
  67  6:00  Banshee  
  75  6:06  SCV, Armory  
  75  6:11  SCV, Armory  
  77  6:14  Supply Depot  
  77  6:18  SCV  
  78  6:22  Supply Depot, Siege Tank  
  81  6:26  Hellion x2  
  81  6:29  SCV  
  86  6:35  Barracks Tech Lab  
  86  6:36  SCV  
  86  6:37  Factory  
  87  6:44  SCV  
  87  6:46  Factory  
  88  6:49  Hellion x2  
  88  6:50  Banshee  
  95  6:58  Terran Vehicle Weapons Level 1  
  95  6:59  Hellion  
  97  7:04  Orbital Command  
  97  7:07  Terran Vehicle And Ship Armor Level 1  
  97  7:11  Engineering Bay  
  97  7:12  SCV  
  97  7:13  Supply Depot  
  97  7:14  SCV  
  99  7:21  Orbital Command  
  99  7:24  SCV  
  99  7:26  SCV  
  99  7:27  Starport  
  101  7:32  Starport  
  101  7:33  Hellion  
  101  7:36  SCV  
  104  7:38  SCV  
  104  7:40  Factory Tech Lab  
  105  7:45  Banshee  
  105  7:48  Refinery  
  105  7:49  SCV  
  105  7:50  SCV, Refinery  
  110  8:01  SCV  
  110  8:02  SCV, Hyperflight Rotors  
  110  8:03  Hellion x2  
  115  8:05  Hellion  
  115  8:07  SCV  
  116  8:13  SCV  
  116  8:14  SCV, Starport Tech Lab x2  
  116  8:18  Siege Tank  
  116  8:19  SCV  
  122  8:25  SCV  
  122  8:26  SCV, Missile Turret  
  124  8:29  Hellion  
  124  8:31  Banshee  
  124  8:32  Missile Turret  
  129  8:37  Missile Turret  
  129  8:38  Banshee  
  129  8:40  Banshee, Missile Turret  
  135  8:48  Supply Depot  
  135  8:49  SCV  
  135  8:50  SCV  
  135  8:51  Supply Depot  
  135  8:52  Siege Tank  
  140  9:04  Supply Depot x2  
  140  9:10  Hellion, Siege Tank  
  140  9:11  Terran Vehicle Weapons Level 2  
  140  9:13  Terran Vehicle And Ship Armor Level 2, Banshee  
  140  9:15  Supply Depot  
  148  9:19  Supply Depot  
  148  9:22  Hellion, Siege Tank  
  153  9:25  Supply Depot  
  153  9:28  Banshee  
  153  9:29  Hellion  
  158  9:32  Hellion  
  160  9:38  Banshee  
  160  9:40  SCV  
  160  9:42  Hellion  
  160  9:44  Hellion  
  168  9:51  Siege Tank  
  171  9:56  Banshee  
  174  10:04  Siege Tank  
  174  10:05  Sensor Tower, Command Center  
  177  10:12  Infernal Pre-Igniter  
  174  10:23  Siege Tank  
  174  10:26  Siege Tank  
  174  10:27  Hellion x2  
  176  10:37  Hellion, Banshee  
  176  10:38  Banshee  
  176  10:41  Supply Depot  
  176  10:42  Supply Depot  
  180  10:48  Supply Depot  
  180  10:58  Siege Tank  
  180  10:59  Hellion x2  
  180  11:02  Siege Tank  
  180  11:03  Siege Tank  
  190  11:08  Banshee  
  193  11:17  Supply Depot  
  186  11:20  Hellion x2, Banshee  
  186  11:24  Banshee  
  180  11:31  Hellion  
  182  11:35  Hellion x2  
  186  11:41  Hellion  
  186  11:42  Terran Ship Weapons Level 1, Hellion  
  190  11:50  Missile Turret  
  190  11:51  Viking  
  191  12:00  Missile Turret  
  181  12:02  Siege Tank  
  181  12:03  Hellion, Viking  
  181  12:05  Hellion x2, Siege Tank  
  156  12:21  Planetary Fortress  
  156  12:24  Siege Tank  
  156  12:26  Hellion  
  156  12:28  SCV x3  
  164  12:35  Raven  
  164  12:36  Hellion  
  168  12:40  SCV x3  
  168  12:42  Refinery  
  168  12:43  Refinery  
  171  12:48  Terran Vehicle Weapons Level 3  
  171  12:54  Banshee  
  174  13:05  Hellion x2  
  178  13:07  Hellion  
  180  13:13  Sensor Tower  
  180  13:14  Siege Tank  
  183  13:20  Banshee  
  183  13:21  Banshee  
  183  13:23  Hellion  
  191  13:34  Missile Turret  
  191  13:35  Missile Turret  
  191  13:36  Terran Vehicle And Ship Armor Level 3  
  191  13:40  Hellion x2  
  183  13:44  Siege Tank  
  183  13:45  Hellion  
  183  13:46  Siege Tank  
  181  14:02  Hellion x2  
  160  14:06  Siege Tank  
  149  14:16  Siege Tank  
  141  14:19  Hellion  
  141  14:23  Hellion  
  141  14:24  Orbital Command  
  144  14:25  Banshee  
  145  14:38  Raven x2, Siege Tank  
  148  14:52  Hellion, Siege Tank  
  152  15:01  Siege Tank  
  152  15:02  Hellion  
  93  15:29  Hellion, Siege Tank  
  93  15:31  Raven  
  98  15:40  SCV x2  
  98  15:46  Hellion, Siege Tank  
  98  15:47  SCV  
  104  15:52  SCV  
  104  15:56  SCV  
  100  15:59  SCV  
  100  16:01  Refinery  
  101  16:07  Missile Turret  
  101  16:10  SCV  
Show
View Real Time Build Order
Export as new Build Order

Rail Protoss - Winner!

Build Orders: 1 Gate Expand, Archon Immortal 

Get SALT Encoding   

  12  0:00  Probe (Chrono Boost)  
  13  0:13  Probe (Chrono Boost)  
  14  0:15  Probe  
  14  0:21  Pylon  
  15  0:39  Probe, Gateway  
  16  0:45  Assimilator  
  16  0:51  Probe  
  17  1:03  Probe (Chrono Boost)  
  19  1:15  Probe (Chrono Boost)  
  19  1:19  Nexus  
  19  1:28  Cybernetics Core  
  19  1:31  Probe  
  20  1:36  Assimilator  
  20  1:43  Probe  
  21  1:47  Pylon  
  21  1:55  Probe  
  22  2:05  Warp Gate, Adept (Chrono Boost)  
  22  2:07  Probe  
  25  2:19  Probe  
  25  2:22  Stalker  
  28  2:32  Probe x2  
  28  2:35  Robotics Facility  
  31  2:45  Probe (Chrono Boost)  
  31  2:49  Probe (Chrono Boost)  
  32  2:52  Stalker  
  32  2:57  Probe (Chrono Boost)  
  36  3:01  Probe x2 (Chrono Boost)  
  37  3:08  Probe  
  37  3:11  Probe  
  39  3:13  Gateway  
  39  3:20  Probe  
  39  3:22  Stalker  
  39  3:25  Gateway  
  42  3:27  Probe  
  42  3:31  Pylon  
  42  3:33  Probe  
  44  3:36  Observer  
  44  3:39  Probe  
  46  3:49  Probe  
  46  3:51  Probe  
  46  4:01  Probe  
  47  4:03  Probe, Pylon  
  47  4:04  Observer  
  49  4:10  Stalker  
  49  4:13  Probe  
  49  4:15  Stalker  
  49  4:16  Nexus  
  54  4:21  Probe, Pylon  
  54  4:23  Stalker  
  57  4:25  Probe  
  57  4:26  Observer  
  59  4:31  Assimilator  
  59  4:33  Assimilator  
  59  4:34  Twilight Council  
  59  4:39  Probe (Chrono Boost)  
  51  4:50  Probe (Chrono Boost)  
  51  4:51  Probe (Chrono Boost)  
  55  5:00  Probe x2 (Chrono Boost)  
  55  5:01  Observer  
  55  5:02  Probe (Chrono Boost)  
  55  5:06  Probe (Chrono Boost)  
  57  5:11  Probe x2 (Chrono Boost), Charge  
  57  5:13  Immortal  
  63  5:16  Probe  
  64  5:21  Forge  
  64  5:29  Probe (Chrono Boost)  
  64  5:33  Sentry, Probe (Chrono Boost), Zealot  
  64  5:34  Zealot  
  73  5:38  Probe (Chrono Boost)  
  73  5:39  Probe (Chrono Boost)  
  76  5:43  Probe (Chrono Boost)  
  76  5:46  Probe (Chrono Boost)  
  78  5:50  Probe (Chrono Boost)  
  78  5:51  Probe (Chrono Boost)  
  78  5:52  Immortal  
  78  5:53  Pylon  
  78  5:54  Probe (Chrono Boost)  
  83  5:57  Pylon  
  83  5:58  Probe (Chrono Boost)  
  83  5:59  Protoss Ground Weapons Level 1 (Chrono Boost)  
  83  6:00  Probe (Chrono Boost)  
  83  6:02  Photon Cannon  
  85  6:07  Probe (Chrono Boost)  
  85  6:11  Photon Cannon, Probe x2  
  87  6:13  Probe  
  87  6:17  Templar Archives  
  88  6:18  Pylon  
  88  6:22  Sentry, Zealot  
  88  6:23  Probe x2, Observer  
  94  6:25  Zealot  
  94  6:26  Probe  
  94  6:28  Pylon  
  96  6:35  Probe  
  97  6:42  Probe  
  97  6:46  Stalker x2  
  97  6:47  Stalker  
  104  6:50  Photon Cannon  
  104  7:02  Gateway  
  104  7:03  Gateway, Nexus  
  104  7:05  Immortal  
  108  7:12  Pylon  
  108  7:18  High Templar x2  
  108  7:19  Zealot  
  108  7:21  Assimilator x2  
  113  7:25  Gateway  
  113  7:30  Gateway  
  113  7:32  Probe x2  
  113  7:33  Gateway  
  113  7:37  Pylon x2  
  115  7:40  Photon Cannon  
  115  7:43  Pylon  
  115  7:46  Photon Cannon  
  115  7:49  Pylon  
  115  7:50  Immortal (Chrono Boost)  
  115  7:58  Protoss Ground Weapons Level 2 (Chrono Boost)  
  115  7:59  Probe  
  115  8:01  Probe  
  117  8:05  Probe  
  117  8:06  Gateway  
  117  8:09  Pylon  
  117  8:12  Gateway  
  122  8:20  High Templar x4, Immortal  
  122  8:21  Archon, Zealot  
  122  8:25  Probe x2  
  122  8:26  Probe  
  135  8:27  Archon  
  135  8:31  Archon  
  135  8:34  Probe  
  135  8:37  Photon Cannon  
  135  8:38  Probe x2  
  135  8:39  Probe  
  135  8:40  Probe  
  138  8:45  High Templar x2, Zealot  
  146  8:50  Archon  
  146  8:53  Zealot  
  146  8:55  Stalker  
  149  8:58  Warp Prism (Chrono Boost)  
  149  9:00  Probe x2, Stalker  
  151  9:06  Phoenix  
  151  9:07  Probe x2  
  151  9:09  High Templar x2, Zealot  
  157  9:13  Archon  
  157  9:15  Pylon  
  157  9:17  Pylon  
  157  9:18  Zealot x2  
  157  9:19  Probe x3, Pylon  
  157  9:23  Stalker  
  166  9:26  Observer (Chrono Boost)  
  166  9:27  Probe  
  166  9:29  Pylon  
  168  9:31  Probe x2  
  168  9:38  Assimilator  
  170  9:39  Assimilator  
  170  9:40  High Templar x2, Zealot  
  170  9:41  Zealot x3  
  182  9:45  Archon  
  182  9:46  High Templar x2  
  182  9:51  Zealot  
  182  9:52  Archon  
  188  9:55  Zealot  
  188  9:59  Protoss Ground Weapons Level 3 (Chrono Boost)  
  190  10:03  Zealot  
  190  10:04  Zealot x2  
  196  10:09  Nexus  
  196  10:24  Pylon  
  196  10:34  High Templar x2, Zealot x3  
  196  10:35  Zealot  
  191  10:41  Archon  
  191  10:44  Zealot x2  
  191  10:45  Zealot x2  
  200  10:52  Photon Cannon  
  200  10:53  Photon Cannon  
  200  10:54  Stalker  
  200  10:55  Stalker  
  199  10:57  Photon Cannon  
  199  11:00  Blink  
  199  11:02  Stalker  
  199  11:09  Stalker  
  197  11:16  Gateway x2  
  179  11:25  Zealot  
  179  11:26  Zealot  
  179  11:28  Zealot x3  
  179  11:29  Zealot x3  
  179  11:30  Immortal  
  195  11:46  Protoss Shields Level 1 (Chrono Boost)  
  195  11:53  Zealot  
  195  11:54  Zealot  
  173  12:02  Zealot  
  173  12:03  Zealot x2  
  173  12:04  Stalker x3  
  147  12:10  Zealot, Stalker  
  147  12:11  Immortal  
  135  12:19  Sentry, Zealot  
  139  12:25  Assimilator  
  139  12:26  Assimilator  
  139  12:30  Zealot x4  
  139  12:32  High Templar x2  
  139  12:33  Stalker  
  139  12:34  Nexus, Stalker  
  139  12:35  Stalker  
  139  12:36  Archon  
  157  12:37  Stalker  
  157  12:42  Pylon  
  157  12:44  Stalker x3  
  157  12:50  Immortal  
  165  12:59  Probe  
  165  13:00  Probe x3  
  168  13:09  High Templar x2  
  168  13:10  High Templar x3, Zealot x3  
  168  13:11  High Templar, Zealot x2  
  168  13:12  Zealot  
  192  13:14  Archon x2  
  192  13:16  Archon  
  192  13:22  Protoss Shields Level 2 (Chrono Boost)  
  192  13:30  Observer (Chrono Boost), Stalker  
  192  13:31  Stalker  
  197  13:34  Nexus  
  181  13:44  Zealot x2  
  181  13:45  Zealot x7  
  199  13:51  Observer (Chrono Boost)  
  185  14:02  Zealot x2, Stalker  
  177  14:03  Immortal  
  171  14:10  Stalker  
  171  14:11  Zealot x7  
  167  14:24  Robotics Facility  
  167  14:27  Zealot x3, Stalker  
  169  14:38  High Templar x4  
  163  14:39  Zealot x4  
  163  14:42  Pylon  
  163  14:43  Archon  
  163  14:44  Archon  
  163  14:45  Pylon  
  175  14:46  Immortal  
  175  14:47  Zealot x2  
  175  14:48  Zealot  
  185  14:54  Stalker  
  183  15:05  Zealot x3, Stalker  
  169  15:11  Zealot x4, Stalker  
  135  15:24  Zealot, Stalker  
  135  15:25  Zealot  
  135  15:26  Immortal (Chrono Boost)  
  135  15:27  Photon Cannon  
  129  15:28  Shield Battery  
  129  15:30  Shield Battery  
  129  15:31  Zealot, Stalker  
  129  15:32  Zealot x6  
  139  15:45  Stalker x3  
  141  15:56  Sentry, Stalker x2  
  141  15:57  High Templar x2, Zealot  
  149  15:58  Zealot x2  
  165  16:04  Archon  
  165  16:08  Stalker  
  165  16:09  Zealot x3  
  173  16:12  Nexus  
Tags
 
Add a new tag
Caveats
  • Supply blocks, unpowered buildings, or Contaminate may cause inaccurate times.
  • Supply counts are checked every 10 seconds.